AoeStats
← KeiNDaHaN

Lombardia

508065903Analyzed
4v4 RM · 13d ago on Sep 20, 2026· 37m 2s· 8 players
Game mode
Random Map
Map size
Large (8 player)
Population
200
Speed
Normal
Resources
Standard
Victory
Conquest
Starting age
Dark Age
Ending age
Imperial Age
RankedLock teamsTeams togetherTeam positionsShared explorationLock speedFull tech treeHidden civsTurbo modeCheats
Victory
Defeat
🇺🇦 Persians · Ukraine
1493
+8
🇷🇺 Teutons · Russia
1409
+11
🇷🇺 Wei · Russia
1386
+11
🇱🇻 Khmer · Latvia
1159
+20
🇨🇴 Franks · Colombia
1302
-13
🇨🇳 Khmer · China
1297
-13
🇺🇸 Tatars · United States
1286
-13
🇺🇸 Poles · United States
1245
-11
APPM
9:31 Feudal Age
10:01 Double-Bit Axe
10:00 Horse Collar
11:08 Horse Collar
14:25 Loom
16:09 Town Watch
19:25 Castle Age
18:19 Fletching
21:17 Bodkin Arrow
22:48 Padded Archer Armor
24:11 Bow Saw
24:39 Leather Archer Armor
25:35 Ballistics
27:29 Husbandry
28:34 Bloodlines
32:35 Wheelbarrow
32:38 Gold Mining
32:38 Stone Mining
ACI ShaN
10:30 Feudal Age
14:28 Castle Age
14:19 Double-Bit Axe
24:24 Husbandry
25:33 Scale Barding Armor
26:52 Chain Barding Armor
cherry
10:03 Loom
12:22 Feudal Age
19:01 Castle Age
FRANCO1
6:50 Loom
10:36 Feudal Age
11:09 Double-Bit Axe
12:58 Horse Collar
15:23 Bloodlines
19:23 Forging
19:19 Scale Barding Armor
20:30 Gold Mining
24:57 Castle Age
24:37 Fletching
24:47 Padded Archer Armor
25:04 Light Cavalry
25:45 Husbandry
25:43 Bodkin Arrow
26:09 Chain Barding Armor
26:24 Iron Casting
25:13 Crossbowman
25:17 Elite Skirmisher
27:12 Wheelbarrow
27:20 Leather Archer Armor
30:24 Bow Saw
31:32 Ballistics
35:45 Imperial Age
34:24 Pikeman
34:50 Arson
36:48 Scale Mail Armor
36:33 Halberdier
KeiNDaHaN
7:51 Loom
11:11 Feudal Age
11:56 Gold Mining
12:58 Double-Bit Axe
12:55 Horse Collar
17:05 Castle Age
18:11 Bow Saw
18:03 Heavy Plow
20:53 Stone Mining
23:02 Wheelbarrow
23:34 Town Watch
25:52 Hand Cart
25:39 Town Patrol
26:19 Stone Shaft Mining
26:08 Husbandry
28:34 Bloodlines
29:32 Fervor
29:42 Masonry
33:33 Imperial Age
33:45 Gold Shaft Mining
35:43 Scale Barding Armor
35:49 Forging
35:31 Fletching
36:18 Conscription
37:17 Chain Barding Armor
Kensei-剣聖. Paulie
8:08 Loom
10:28 Feudal Age
11:12 Double-Bit Axe
16:46 Scale Barding Armor
18:17 Wheelbarrow
20:17 Bloodlines
20:15 Gold Mining
23:44 Castle Age
22:14 Horse Collar
22:50 Forging
22:09 Man-at-Arms
25:29 Chain Barding Armor
25:49 Long Swordsman
26:36 Scale Mail Armor
26:55 Gambesons
30:02 Pikeman
Fox
10:46 Feudal Age
14:51 Castle Age
13:31 Double-Bit Axe
14:07 Horse Collar
14:19 Gold Mining
15:30 Bow Saw
19:00 Fletching
20:10 Husbandry
21:56 Bodkin Arrow
24:16 Padded Archer Armor
27:36 Bloodlines
29:18 Scale Barding Armor
31:02 Chain Barding Armor
32:19 Forging
33:02 Ballistics
36:21 Imperial Age
34:27 Wheelbarrow
34:50 Iron Casting
34:21 Loom
36:05 Hand Cart
36:58 Leather Archer Armor
36:06 Cavalier
37:26 Plate Barding Armor
Finch
9:21 Loom
11:20 Feudal Age
15:19 Castle Age
14:13 Fletching
14:25 Padded Archer Armor
14:45 Gold Mining
14:38 Horse Collar
19:15 Bodkin Arrow
19:09 Double-Bit Axe
20:33 Bow Saw
21:58 Bodkin Arrow
23:11 Bloodlines
24:09 Leather Archer Armor
25:16 Husbandry
27:10 Wheelbarrow
27:30 Ballistics
28:54 Thumb Ring
35:31 Imperial Age
36:14 Bracer
36:45 Ring Archer Armor
37:21 Chemistry
Connection lost

Rejoining the realm…

Still unreachable

The connection could not be restored.

Session expired

The server has moved on; the page needs a fresh start.